 Dungeon Crawl Stone Soup version 0.22-a0-284-g99d1f74 (webtiles) character file.

71167 Amnesiac the Sorcerer (level 14, -9/88 HPs)
             Began as a Deep Elf Wizard on Mar 21, 2018.
             Was a High Priest of Sif Muna.
             Shot with an arrow by Nessos (26 damage)
             ... on level 13 of the Dungeon.
             The game lasted 01:13:12 (25554 turns).

Amnesiac the Sorcerer (Deep Elf Wizard)            Turns: 25554, Time: 01:13:13

Health: -9/88      AC: 11    Str:  8    XL:     14   Next: 96%
Magic:  7/42       EV: 19    Int: 35    God:    Sif Muna [*****.]
Gold:   1948       SH:  7    Dex: 20    Spells: 19/58 levels left

rFire    . . .     SeeInvis +   y - +9 dagger "Emooseon" {venom, rPois rF+ rN+ Int-2}
rCold    + . .     Gourm    .   m - +2 buckler
rNeg     + + .     Faith    +   t - +2 robe {MR+}
rPois    +         Spirit   .   o - +0 helmet of Kaumiq {rN+ rCorr Str+6}
rElec    .         Reflect  .   H - +2 cloak
rCorr    +         Harm     .   r - +1 pair of gloves
MR       ++...                  p - +0 pair of boots
Stlth    ++........             U - amulet of faith
HPRegen  0.24/turn              b - ring of see invisible
MPRegen  0.28/turn              B - ring of Upat Gaq {rF- rC+ Str-2 Int+8 Dex+7}

@: lethally poisoned (-9 -> -20), drained, divine energy
A: no striking features
a: Stop Divine Energy, Channel Magic, Forget Spell, Renounce Religion


You were on level 13 of the Dungeon.
You worshipped Sif Muna.
Sif Muna was extremely pleased with you.
You were not hungry.

You visited 4 branches of the dungeon, and saw 22 of its levels.
You also visited: Ossuary.

You collected 2291 gold pieces.
You spent 343 gold pieces at shops.

Inventory:

Hand Weapons
 x - a +3 dagger of electrocution
 y - the +9 dagger "Emooseon" (weapon) {venom, rPois rF+ rN+ Int-2}
   (You found it on level 3 of the Lair of Beasts)

   It poisons the flesh of those it strikes.
   It affects your intelligence (-2).
   It protects you from fire.
   It protects you from poison.
   It protects you from negative energy.
Armour
 m - a +2 buckler (worn)
 o - the +0 helmet of Kaumiq (worn) {rN+ rCorr Str+6}
   (You bought it in a shop on level 2 of the Orcish Mines)

   It affects your strength (+6).
   It protects you from negative energy.
   It protects you from acid and corrosion.
 p - a +0 pair of boots (worn)
 r - a +1 pair of gloves (worn)
 t - a +2 robe of magic resistance (worn)
 H - a +2 cloak (worn)
Magical Staves
 w - an uncursed staff of air
 J - an uncursed staff of conjuration
Jewellery
 b - a ring of see invisible (left hand)
 B - the ring of Upat Gaq (right hand) {rF- rC+ Str-2 Int+8 Dex+7}
   (You found it on level 2 of the Lair of Beasts)

   [ring of strength]

   It affects your strength (-2).
   It affects your intelligence (+8).
   It affects your dexterity (+7).
   It makes you vulnerable to fire.
   It protects you from cold.
 L - an uncursed ring of resist corrosion
 U - an amulet of faith (around neck)
 V - an uncursed ring of protection from cold
Wands
 a - a wand of disintegration (14)
 j - a wand of flame (32)
 s - a wand of random effects (30)
 v - a wand of iceblast (2)
 D - a wand of enslavement (19)
 G - a wand of digging (13)
 I - a wand of acid (19)
 S - a wand of paralysis (19)
Scrolls
 c - 2 scrolls of amnesia {!r}
 f - 12 scrolls of remove curse {!r}
 g - 8 scrolls of teleportation {!r}
 n - 4 scrolls of magic mapping {!r}
 u - 5 scrolls of identify {!r}
 E - 5 scrolls of enchant armour {!r}
 M - 2 scrolls of fog {!r}
 N - a scroll of summoning {!r}
 R - a scroll of silence {!r}
Potions
 e - 3 potions of cancellation {!q, unknown}
 h - 3 potions of berserk rage {!q, unknown}
 i - 8 potions of curing {!q, unknown}
 k - 4 potions of magic {!q, unknown}
 l - 2 potions of might {!q}
 q - 3 potions of haste {!q}
 z - 2 potions of mutation {!q}
 A - 2 potions of flight {!q}
 C - 7 potions of brilliance {!q}
 K - 3 potions of heal wounds {!q}
 Q - a potion of lignification {!q}
Comestibles
 d - 36 rations
 F - 10 chunks of flesh


   Skills:
 - Level 10.0(8.9) Fighting
 - Level 10.0(8.9) Dodging
 - Level 2.4(1.5) Stealth
 - Level 4.3(3.3) Shields
 - Level 22.5(21.0) Spellcasting
 + Level 6.3(5.2) Conjurations
 - Level 1.1(0.2) Summonings
 - Level 1.1(0.2) Translocations
 + Level 6.3(5.3) Earth Magic
 - Level 8.0(6.9) Invocations


You had 19 spell levels left.
You knew the following spells:

 Your Spells              Type           Power        Failure   Level  Hunger
a - Iron Shot             Conj/Erth      ######....   14%         6    None
b - Spectral Weapon       Hex/Chrm       #####...     2%          3    None
c - Confuse               Hex            #####...     2%          3    None
d - Summon Lightning Spi  Summ/Air       #####...     9%          4    None
e - Mephitic Cloud        Conj/Pois/Air  #####...     1%          3    None
f - Lehudib's Crystal Sp  Conj/Erth      ######....   99%         8    ###....
g - Call Imp              Summ           #####...     1%          2    None
h - Magic Dart            Conj           ####         1%          1    None
s - Conjure Flame         Conj/Fire      ######..     1%          3    None
v - Blink                 Tloc           N/A          1%          2    None
w - Fulminant Prism       Conj/Hex       ######....   2%          4    None


Dungeon Overview and Level Annotations

Branches:
Dungeon (13/15)            Temple (1/1) D:7            Lair (6/6) D:9
 Shoals (0/4) Lair:4        Snake (0/4) Lair:3        Slime (0/5) Lair:6
    Orc (2/2) D:9             Elf (0/3) Orc:2
 Vaults: D:13-14

Altars:
Ashenzari
Cheibriados
Dithmenos
Elyvilon
Fedhas
Gozag
Hepliaklqana
Kikubaaqudgha
Makhleb
Nemelex Xobeh
Okawaru
Qazlal
Ru
Sif Muna
Trog
Uskayaw
Vehumet
Wu Jian
Xom
Yredelemnul
Zin
The Shining One
Beogh
Jiyva

Shops:
D:5 [   D:10 (   Orc:2 ([*=

Annotations:
D:13 Nessos


Message History

The orc wizard appears confused.
The deep elf mage hits you but does no damage.
You puncture the deep elf mage!
You kill the deep elf mage!
Sif Muna accepts your kill.
Nessos hits the orc warrior.
You hit Nessos but do no damage. You puncture the orc warrior!
The orc warrior is poisoned.
The orc warrior is almost dead.
You kill the orc warrior!
Sif Muna accepts your kill.
You hear a splash. x2
A centaur warrior comes into view.
The centaur warrior shouts!
The centaur warrior wields a shortbow.
The centaur warrior shoots an arrow.
The arrow misses you.
Nessos asks, "Where am I?"
You see here an arrow.
You block the orc's attack.
The centaur warrior shoots an arrow.
You block the arrow.
Things that are here:
an arrow; a long sword; an elf corpse Nessos seems less confused.
You block Nessos's attack.
Nessos says, "Even if you were a mare, I'd kill you!"
Nessos blinks!
A five-headed hydra comes into view.
You see here 6 arrows.
Nessos wields a runed longbow.
It bursts into flame!
Nessos shoots an arrow.
The arrow hits you! The arrow burns you.
You are poisoned.
* * * LOW HITPOINT WARNING * * *
The centaur warrior shoots an arrow.
The arrow hits you!!
* * * LOW HITPOINT WARNING * * *
The five-headed hydra moves out of view.
Nessos shoots an arrow.
The arrow hits you!!
* * * LOW HITPOINT WARNING * * *
The arrow burns you.
* * * LOW HITPOINT WARNING * * *
You see here 3 arrows.
Okay, then.
Really read
O - a scroll of fear {!r}?
As you read the scroll of fear {!r}, it crumbles to dust.
You assume a fearsome visage.
Nessos looks frightened!
The centaur warrior looks frightened!
The orc looks frightened!
* * * LOW HITPOINT WARNING * * *
You feel sick.
Nessos blinks! x2
Really quaff
K - 4 potions of heal wounds {!q}?
You feel much better.
You feel sick.
Nessos blinks!
Nessos begs for mercy.
Nessos blinks!
You feel sick.
Nessos blinks! x2
You enter the shallow water.
Moving in this stuff is going to be slow.
You feel very sick.
Nessos seems to regain his courage.
Nessos unwields an uncursed longbow of flaming.
It stops flaming.
Nessos misses you. x2; Nessos barely misses you.
You feel sick.
Nessos wields an uncursed longbow of flaming.
It bursts into flame!
Nessos shoots an arrow.
You block the arrow.
There is a stone staircase leading up here.
You see here an arrow.
You feel sick.
Nessos shoots an arrow.
The arrow hits you!!
You die...

.#.#.#
#...(##........
.#....
####.##(.......
.#.#...
#...[....... ##
#..
#.)..#§#####
##.(....#
####≈≈((####
....≈≈≈≈...[#
###≈≈≈≈c≈##.#
##≈(...@#(#
#.#≈...)#.#
####....#.#
#......#
#....### ######


You could see Nessos.

Vanquished Creatures
  An orc warlord (Orc:2)
  Snorg (Orc:1)
  Erolcha (D:9)
  7 hydras
  A centaur warrior (D:13)
  A two-headed ogre (D:11)
  Erica (D:10)
  9 death yaks (Lair:5)
  2 orc high priests (Orc:2)
  An ugly thing (D:9)
  2 deep elf magi
  An orc knight (Orc:2)
  An orc sorcerer (Orc:2)
  An oklob plant (Lair:6)
  3 cyclopes
  A manticore (D:11)
  Maurice (D:8)
  6 spiny frogs
  2 black mambas
  A torpor snail (Lair:2)
  Psyche (D:8)
  3 centaur skeletons
  8 komodo dragons
  2 kobold demonologists (D:12)
  A rime drake (Lair:6)
  5 polar bears
  11 trolls
  3 hornets (Lair:6)
  Prince Ribbit (D:8)
  Grinder (D:3)
  4 slime creatures (D:12)
  6 hippogriffs
  19 dream sheep
  13 blink frogs
  Sigmund (D:3)
  A water elemental (D:13)
  3 wyverns
  A wraith (D:11)
  10 spriggans (Lair:6)
  3 basilisks
  A steam dragon (D:10)
  17 yaks
  A hungry ghost (D:11)
  Duvessa (D:5)
  3 wargs
  10 water moccasins
  4 porcupines
  A swamp drake (D:9)
  A hornet zombie (D:9)
  3 black bears
  A phantom (D:13)
  24 orc warriors
  2 sky beasts
  5 boggarts (Lair:6)
  A necrophage (D:8)
  25 wolves
  5 centaurs
  12 ogres
  7 crocodiles
  3 big kobolds
  15 bullfrogs
  2 wyvern skeletons
  Dowan (D:5)
  5 scorpions
  9 killer bees
  3 wights (D:13)
  2 howler monkeys
  4 electric eels
  2 crimson imps (D:6)
  2 bullfrog zombies (D:8)
  4 hounds
  A quasit (D:10)
  4 jellies
  A centaur zombie (D:8)
  2 bullfrog skeletons
  6 gnoll shamans (D:8)
  33 orc priests
  27 orc wizards
  Terence (D:2)
  An iguana (D:10)
  3 worker ants (D:5)
  A statue (D:5)
  A killer bee zombie (D:9)
  A hound zombie (D:6)
  9 mummies
  A worker ant zombie (D:10)
  A hound skeleton (D:8)
  8 gnolls (D:8)
  9 adders
  3 shadow imps
  2 oozes
  An adder skeleton (D:9)
  An adder zombie (D:7)
  4 worms
  2 dart slugs
  3 leopard geckos
  103 orcs
  3 giant cockroaches
  3 gnoll zombies (Ossuary)
  4 goblins
  7 hobgoblins
  12 jackals
  14 kobolds
  3 quokkas
  2 ball pythons
  6 bats
  6 frilled lizards
  A hobgoblin zombie (Ossuary)
  A jackal skeleton (D:4)
  3 kobold zombies (Ossuary)
  An orc zombie (Ossuary)
  A quokka zombie (D:5)
  3 rats
  A fungus (Lair:6)
  2 spectral weapons
619 creatures vanquished.

Vanquished Creatures (collateral kills)
  Gastronok (D:12)
  A hydra (Lair:3)
  A death yak (Lair:5)
  Urug (Lair:4)
  6 oklob plants
  2 black mambas
  A rime drake (Lair:1)
  3 komodo dragons
  An efreet (D:12)
  A slime creature (D:12)
  3 blink frogs
  2 hippogriffs
  A wraith (D:10)
  A spriggan (Lair:6)
  A yak (Lair:2)
  4 nagas (Lair:3)
  A water moccasin (Lair:1)
  An acid dragon (D:12)
  3 orc warriors
  An ice beast (D:10)
  An ogre (Orc:2)
  2 wolves (Lair:4)
  A centaur (D:10)
  4 crocodiles
  A bullfrog (Lair:1)
  2 orc priests (D:10)
  2 orc wizards
  5 orcs
  A hobgoblin (D:2)
  A fungus (Lair:4)
56 creatures vanquished.

Vanquished Creatures (others)
  A hungry ghost (Temple)
  An ogre (D:7)
  A killer bee (D:10)
  4 bushes
  36 fulminant prisms
  25 fungi
  18 plants
  9 spectral weapons
95 creatures vanquished.

Grand Total: 770 creatures vanquished

Notes
Turn   | Place    | Note
-------+----------+-------------------------------------------
     0 | D:1      | Amnesiac the Deep Elf Wizard began the quest for the Orb.
     0 | D:1      | Reached XP level 1. HP: 10/10 MP: 7/7
   168 | D:1      | Reached XP level 2. HP: 16/16 MP: 4/9
   172 | D:1      | Learned a level 2 spell: Blink
   175 | D:1      | Learned a level 2 spell: Call Imp
   423 | D:1      | Reached skill level 1 in Fighting
   530 | D:1      | Found a sparkling altar of Nemelex Xobeh.
   532 | D:1      | Found a white marble altar of Elyvilon.
   532 | D:1      | Found a white marble altar of Elyvilon.
   535 | D:1      | Found a white marble altar of Elyvilon.
   535 | D:1      | Found a shimmering altar of Xom.
   535 | D:1      | Found an ancient bone altar of Kikubaaqudgha.
  1151 | D:2      | Noticed Terence
  1157 | D:2      | Killed Terence
  1157 | D:2      | Reached XP level 3. HP: 13/21 MP: 11/11
  1162 | D:2      | Learned a level 3 spell: Conjure Flame
  1166 | D:2      | Learned a level 3 spell: Mephitic Cloud
  1528 | D:2      | Reached XP level 4. HP: 25/26 MP: 8/12
  2070 | D:3      | Noticed Sigmund
  2077 | D:3      | Found a shattered altar of Ashenzari.
  2119 | D:3      | Killed Sigmund
  2119 | D:3      | Reached XP level 5. HP: 32/32 MP: 7/13
  2263 | D:3      | Reached XP level 6. HP: 33/37 MP: 1/14
  2662 | D:3      | Noticed Grinder
  2867 | D:3      | Killed Grinder
  2867 | D:3      | Reached XP level 7. HP: 43/43 MP: 7/15
  3022 | D:3      | Found an iron altar of Okawaru.
  3400 | D:3      | Found a shadowy altar of Dithmenos.
  3688 | D:4      | Found a white marble altar of Elyvilon.
  4003 | D:4      | Reached skill level 5 in Fighting
  4003 | D:4      | Reached skill level 5 in Dodging
  4365 | D:5      | Entered Level 5 of the Dungeon
  4460 | D:5      | Noticed Dowan
  4468 | D:5      | Noticed Duvessa
  4476 | D:5      | Killed Dowan
  4503 | D:6      | Reached XP level 8. HP: 28/51 MP: 1/16
  4850 | D:5      | Killed Duvessa
  4888 | D:5      | Found a radiant altar of Vehumet.
  4965 | D:5      | Found Gamanir's Antique Armour Shop.
  4992 | D:5      | Found a sand-covered staircase.
  5011 | Ossuary  | Entered an ossuary
  6701 | D:6      | Reached XP level 9. HP: 50/57 MP: 17/17
  6926 | D:7      | Found a staircase to the Ecumenical Temple.
  6943 | Temple   | Entered the Ecumenical Temple
  7281 | D:7      | Noticed a troll
  7542 | D:7      | Noticed a troll
  7679 | D:7      | Killed a troll
  7832 | D:7      | Killed a troll
  8039 | D:7      | Found a sacrificial altar of Ru.
  8149 | D:7      | Found a glowing silver altar of Zin.
  8191 | D:8      | Noticed Psyche
  8208 | D:8      | Killed Psyche
  8273 | D:8      | Noticed Prince Ribbit
  8285 | D:8      | Killed Prince Ribbit
  8753 | D:8      | Reached XP level 10. HP: 15/66 MP: 13/18
  9297 | D:8      | Noticed Maurice
  9340 | D:8      | Killed Maurice
  9351 | D:8      | Reached skill level 10 in Fighting
  9351 | D:8      | Reached skill level 10 in Dodging
  9505 | D:8      | Found a burning altar of Makhleb.
  9556 | D:8      | Found a deep blue altar of Sif Muna.
  9562 | D:8      | Became a worshipper of Sif Muna the Loreminder
  9962 | D:8      | Reached skill level 5 in Conjurations
 10116 | D:9      | Found a snail-covered altar of Cheibriados.
 10156 | D:9      | Noticed a white ugly thing
 10166 | D:9      | Reached skill level 5 in Spellcasting
 10248 | D:9      | Killed a cyan ugly thing
 10248 | D:9      | Reached skill level 7 in Spellcasting
 10300 | D:9      | Reached * piety under Sif Muna
 10370 | D:9      | Found a staircase to the Lair.
 10489 | D:9      | Reached skill level 8 in Spellcasting
 10508 | D:9      | Noticed Erolcha
 10512 | D:9      | Paralysed by Erolcha for 4 turns
 10537 | D:9      | Killed Erolcha
 10537 | D:9      | Reached skill level 9 in Spellcasting
 10634 | D:9      | Found a stormy altar of Qazlal.
 10681 | D:9      | Reached skill level 10 in Spellcasting
 10856 | D:9      | Found an opulent altar of Gozag.
 10861 | D:9      | Found an ornate altar of the Wu Jian Council.
 11118 | D:9      | Got a translucent ring mail
 11121 | D:9      | Noticed a deep elf mage
 11143 | D:9      | Killed a deep elf mage
 11143 | D:9      | Reached ** piety under Sif Muna
 11143 | D:9      | Reached skill level 11 in Spellcasting
 11143 | D:9      | Reached XP level 11. HP: 72/72 MP: 24/28
 11258 | D:9      | Found a staircase to the Orcish Mines.
 11448 | D:9      | Reached *** piety under Sif Muna
 11448 | D:9      | Reached skill level 15 in Spellcasting
 11448 | D:9      | Reached XP level 12. HP: 77/77 MP: 28/33
 11475 | Orc:1    | Entered Level 1 of the Orcish Mines
 11507 | D:9      | Identified the +4 ring mail of the Vacuum {+Fly rF+ rC-} (You found it on level 9 of the Dungeon)
 11958 | Orc:1    | Noticed Snorg
 12152 | Orc:2    | Entered Level 2 of the Orcish Mines
 12225 | Orc:2    | Found a staircase to the Elven Halls.
 12301 | Orc:1    | Reached **** piety under Sif Muna
 12466 | Orc:1    | Reached skill level 16 in Spellcasting
 12688 | Orc:2    | Found a roughly hewn altar of Beogh.
 12701 | Orc:2    | Noticed an orc high priest
 12714 | Orc:2    | Killed an orc high priest
 12909 | Orc:2    | Found a roughly hewn altar of Beogh.
 13460 | Orc:2    | Found a bloodstained altar of Trog.
 13555 | Orc:2    | Found a roughly hewn altar of Beogh.
 13719 | Orc:2    | Found Joroec's Assorted Antiques.
 13774 | Orc:2    | Noticed an orc high priest
 14020 | Orc:2    | Found a roughly hewn altar of Beogh.
 14085 | Orc:2    | Killed an orc high priest
 14085 | Orc:2    | Reached skill level 17 in Spellcasting
 14086 | Orc:2    | Found a roughly hewn altar of Beogh.
 14089 | Orc:2    | Found Lypeffi's Jewellery Shoppe.
 14295 | Orc:2    | Found a roughly hewn altar of Beogh.
 14429 | Orc:2    | Found a roughly hewn altar of Beogh.
 14595 | Orc:2    | Noticed an orc warlord
 14629 | Orc:2    | HP: 3/77 [orc warlord/great mace of draining (11)]
 14630 | Orc:2    | Killed an orc warlord
 14724 | Orc:2    | Reached skill level 18 in Spellcasting
 14884 | Orc:2    | Reached ***** piety under Sif Muna
 14916 | Orc:2    | Found Lylenweu's Antique Armour Emporium.
 14917 | Orc:2    | Found a roughly hewn altar of Beogh.
 14918 | Orc:2    | Found Ipseum's Antique Weapon Shoppe.
 14937 | Orc:2    | Bought a jewelled helmet for 247 gold pieces
 14947 | Orc:2    | Identified the cursed +0 helmet of Kaumiq {rN+ rCorr Str+6} (You bought it in a shop on level 2 of the Orcish Mines)
 14948 | Orc:2    | Bought a runed robe for 96 gold pieces
 15151 | Orc:2    | Identified Fiynket's Incunabulum of the Voyage and Curses (Sif Muna gifted it to you on level 2 of the Orcish Mines)
 15151 | Orc:2    | Received a gift from Sif Muna
 15627 | Orc:1    | Learned a level 3 spell: Confuse
 15657 | Orc:1    | Killed Snorg
 15743 | Orc:1    | Learned a level 4 spell: Summon Lightning Spire
 15890 | Lair:1   | Entered Level 1 of the Lair of Beasts
 16005 | Lair:1   | Reached skill level 19 in Spellcasting
 16432 | Lair:1   | Reached XP level 13. HP: 82/82 MP: 28/38
 17173 | Lair:2   | Got a brightly glowing brass ring
 17194 | Lair:2   | Identified the cursed ring of Upat Gaq {rF- rC+ Str-2 Int+8 Dex+7} (You found it on level 2 of the Lair of Beasts)
 17285 | Lair:2   | You fall through a shaft for 2 floors!
 17296 | Lair:4   | Found a staircase to the Shoals.
 17307 | Lair:4   | Reached skill level 20 in Spellcasting
 17582 | Lair:2   | Found a glowing golden altar of the Shining One.
 18212 | Lair:3   | Got a faintly glowing dagger
 18213 | Lair:3   | Identified the +9 dagger "Emooseon" {venom, rPois rF+ rN+ Int-2} (You found it on level 3 of the Lair of Beasts)
 18297 | Lair:3   | Found a staircase to the Snake Pit.
 19168 | Lair:4   | Noticed Urug
 19185 | Lair:4   | Killed Urug
 19217 | Lair:4   | Identified Weic's Compendium of Lucky Evil Secrets (Sif Muna gifted it to you on level 4 of the Lair of Beasts)
 19217 | Lair:4   | Received a gift from Sif Muna
 19217 | Lair:4   | Reached skill level 21 in Spellcasting
 19224 | Lair:4   | Learned a level 4 spell: Fulminant Prism
 19232 | Lair:4   | Learned a level 3 spell: Spectral Weapon
 19458 | Lair:5   | HP: 4/82 [death yak (17)]
 19906 | Lair:5   | Reached skill level 1 in Shields
 20239 | Lair:5   | Reached XP level 14. HP: 83/88 MP: 3/41
 20643 | Lair:6   | Entered Level 6 of the Lair of Beasts
 20655 | Lair:5   | Reached skill level 5 in Invocations
 21062 | Lair:6   | Got a warped trident
 21731 | Lair:6   | Reached skill level 22 in Spellcasting
 21858 | Lair:6   | Found a staircase to the Slime Pits.
 21955 | Lair:6   | Identified Sif Muna's Intricacies of Magic (Sif Muna gifted it to you on level 6 of the Lair of Beasts)
 21955 | Lair:6   | Received a gift from Sif Muna
 21966 | Lair:6   | Learned a level 8 spell: Lehudib's Crystal Spear
 22425 | D:10     | Entered Level 10 of the Dungeon
 22530 | D:10     | Noticed Erica
 22545 | D:10     | Killed Erica
 22577 | D:10     | Reached skill level 1 in Earth Magic
 22724 | D:10     | Found Iggahycw's Weapon Boutique.
 23882 | D:11     | Reached skill level 5 in Earth Magic
 24257 | D:12     | Noticed Gastronok
 24276 | D:12     | Killed Gastronok
 24367 | D:12     | Found a burning altar of Makhleb.
 25216 | D:12     | Identified the cursed +1 trident of Greatest Utility {pain, +Fly rPois Int-4 Dex-2} (You found it on level 6 of the Lair of Beasts)
 25345 | D:13     | Identified Sif Muna's Reference Book on Conjuration and Hexes (Sif Muna gifted it to you on level 13 of the Dungeon)
 25345 | D:13     | Received a gift from Sif Muna
 25473 | D:12     | Learned a level 6 spell: Iron Shot
 25514 | D:13     | Noticed Nessos
 25548 | D:13     | HP: 3/88 [Nessos/arrow (2)]
 25549 | D:13     | HP: 1/88 [poisoned by Nessos]
 25554 | D:13     | Shot with an arrow by Nessos

Vault maps used:
D:1:      dpeg_arrival_houses_and_road, doesnt_xom_only_xom
D:2:      first_ration, hangedman_decor_clover_reticule,
          uniq_crazy_yiuf_cottage, uniq_terence
D:3:      nicolae_dithmenos_through_a_glass_darkly, lemuel_round_altar,
          cheibrodos_ashenzari_chains, uniq_grinder, uniq_sigmund
D:4:      elyvilon_altar_1
D:5:      vehumet_statue, serial_shops, shop, gup_ossuary_entry_pyramid,
          uniq_duvessa
D:6:      dk_vineyard_2, nicolae_zen_rock_garden
D:7:      zin_academy, kennysheep_little_box, temple_hall, grunt_ogre_cave
D:8:      kennysheep_seaside_town, old_standard_altar,
          makhleb_blood_cavern_becter, minmay_radiant, uniq_maurice,
          uniq_prince_ribbit1, uniq_psyche
D:9:      lemuel_doored_altar, minitemple, erik_lair_orcish_takeover,
          erik_orc_1, basic_altar, uniq_erolcha
D:10:     serial_shops, shop, minmay_misc_feat_columns, uniq_erica
D:12:     basic_altar, hex_intersection, minmay_diamond_spiral, uniq_gastronok
D:13:     minmay_hedge_maze, minivault_25_ag, lemuel_nasty_fountain, uniq_nessos
Temple:   pf_slime_end_temple
Lair:1:   minmay_lair_oklob_chamber, infiniplex_staircase_pool
Lair:2:   basic_altar, lemuel_fruit_tree
Lair:3:   minmay_snake_entry_guardpost_small
Lair:4:   shoals_dummy_entry, infiniplex_staircase_pool_2, uniq_urug
Lair:5:   lemuel_fruit_fields, grunt_megastairs_3
Lair:6:   minmay_lair_end_enchanted_forest, minmay_slime_entry_oklob_open,
          lookout_lair_type
Orc:1:    uniq_snorg
Orc:2:    grunt_orc_community_town_hall, grunt_orc_community_big_house_1,
          grunt_orc_community_big_house_2, grunt_orc_community_house_3,
          grunt_orc_community_house_1, grunt_orc_community_house_3,
          grunt_orc_community_house_1, grunt_orc_community_house_3,
          grunt_orc_community_house_3, basic_altar, special_room, bloody_trog
Ossuary:  ossuary_tomb_3

Skill      XL: |  1  2  3  4  5  6  7  8  9 10 11 12 13 14 |
---------------+-------------------------------------------+-----
Fighting       | 1 2 3 4 5 7 9 10 | 10.0
Conjurations   | 2 3 4 5 6 |  6.3
Dodging        | 3 4 5 7 9 10 | 10.0
Spellcasting   | 11 15 19 21 22 | 22.5
Shields        | 4 |  4.3
Invocations    | 3 8 |  8.0
Earth Magic    | 6 |  6.3
Stealth        | |  2.4
Summonings     | |  1.1
Translocations | |  1.1

Action                   |  1- 3 |  4- 6 |  7- 9 | 10-12 | 13-15 || total
-------------------------+-------+-------+-------+-------+-------++-------
Melee: Whip              |     7 |    25 |   214 |   204 |       ||   450
       Dagger            |       |       |       |   534 |   601 ||  1135
       Staff             |       |       |       |       |     6 ||     6
 Cast: Magic Dart        |    63 |    44 |   333 |   269 |   279 ||   988
       Call Imp          |     2 |       |     2 |    12 |       ||    16
       Blink             |     1 |     1 |     2 |    35 |     8 ||    47
       Mephitic Cloud    |       |     4 |    16 |    93 |    27 ||   140
       Conjure Flame     |       |     5 |    18 |    48 |    89 ||   160
       Summon Lightning  |       |       |       |     9 |    53 ||    62
       Fulminant Prism   |       |       |       |       |    36 ||    36
       Spectral Weapon   |       |       |       |       |    41 ||    41
       Iron Shot         |       |       |       |       |     8 ||     8
Invok: Divine Energy     |       |       |       |     1 |       ||     1
Evoke: Wand              |       |       |       |     9 |       ||     9
  Use: Scroll            |       |       |    19 |     4 |    11 ||    34
       Potion            |       |       |     2 |     4 |     5 ||    11
 Stab: Sleeping          |     1 |       |     2 |       |     2 ||     5
       Confused          |       |     3 |       |    40 |    13 ||    56
       Invisible         |       |       |       |     3 |       ||     3
       Distracted        |       |       |       |       |     9 ||     9
  Eat: Chunk             |     2 |     4 |    12 |    23 |    26 ||    67
       Ration            |       |       |     3 |     1 |     1 ||     5
Armor: Robe              |     2 |     3 |    61 |   151 |   152 ||   369
       Skin              |       |       |    22 |       |     3 ||    25
Dodge: Dodged            |    22 |    13 |   235 |   663 |   700 ||  1633
Block: Buckler           |       |       |       |       |   265 ||   265

Table legend:
 A = Spawn XP
 B = Non-spawn XP
 C = Spawn XP percentage of total XP
 D = Spawn monster count
 E = Non-spawn monster count
 F = Spawn count percentage of total count
 G = Total turns spent on level
                    A         B        C        D         E        F      G
               +---------+---------+-------+---------+---------+-------+---------
         Total |       0 |   90329 |   0.0 |       0 |     674 |   0.0 | 25554
               +---------+---------+-------+---------+---------+-------+---------
           D:1 |       0 |      24 |   0.0 |       0 |      13 |   0.0 |   716
           D:2 |       0 |      94 |   0.0 |       0 |      21 |   0.0 |  1337
           D:3 |       0 |     706 |   0.0 |       0 |      26 |   0.0 |  1412
           D:4 |       0 |     301 |   0.0 |       0 |      19 |   0.0 |   900
           D:5 |       0 |     716 |   0.0 |       0 |      24 |   0.0 |   783
           D:6 |       0 |     831 |   0.0 |       0 |      14 |   0.0 |  1117
           D:7 |       0 |    1048 |   0.0 |       0 |       8 |   0.0 |  1017
           D:8 |       0 |    3158 |   0.0 |       0 |      54 |   0.0 |  1907
           D:9 |       0 |    5284 |   0.0 |       0 |      59 |   0.0 |  1777
          D:10 |       0 |    3279 |   0.0 |       0 |      27 |   0.0 |   763
          D:11 |       0 |    4556 |   0.0 |       0 |      32 |   0.0 |  1041
          D:12 |       0 |    5281 |   0.0 |       0 |      21 |   0.0 |  1136
          D:13 |       0 |    2235 |   0.0 |       0 |      15 |   0.0 |   189
        Temple |       0 |      80 |   0.0 |       0 |       1 |   0.0 |   222
        Lair:1 |       0 |    2865 |   0.0 |       0 |      15 |   0.0 |  1028
        Lair:2 |       0 |    4790 |   0.0 |       0 |      16 |   0.0 |   900
        Lair:3 |       0 |    2542 |   0.0 |       0 |      15 |   0.0 |   739
        Lair:4 |       0 |    6129 |   0.0 |       0 |      27 |   0.0 |  1075
        Lair:5 |       0 |   15712 |   0.0 |       0 |      37 |   0.0 |  1158
        Lair:6 |       0 |   18221 |   0.0 |       0 |      88 |   0.0 |  1620
         Orc:1 |       0 |    2373 |   0.0 |       0 |      25 |   0.0 |  1021
         Orc:2 |       0 |    9952 |   0.0 |       0 |     101 |   0.0 |  2991
       Ossuary |       0 |     152 |   0.0 |       0 |      16 |   0.0 |   705
               +---------+---------+-------+---------+---------+-------+---------
